 Dungeon Crawl Stone Soup version 0.19-a0-624-g96853e7 (webtiles) character file.

115 AlphabetPasta the Cudgeler (level 5, -4/30 HPs)
             Began as a Gargoyle Gladiator on June 12, 2016.
             Slain by an ogre
             ... wielding a +0 giant club
              (12 damage)
             ... on level 3 of the Dungeon.
             The game lasted 00:08:44 (2433 turns).

AlphabetPasta the Cudgeler (Gargoyle Gladiator)     Turns: 2433, Time: 00:08:45

Health: -4/30      AC: 11    Str: 20    XL:     5   Next: 0%
Magic:  5/5        EV: 10    Int:  8    God:
Gold:   148        SH:  0    Dex: 10    Spells: 0 memorised, 4 levels left

rFire  . . .     SeeInvis .     a - +0 flail
rCold  . . .     Gourm    .     t - +0 scale mail
rNeg   + . .     Faith    .     (no shield)
rPois  ∞         Spirit   .     c - +0 helmet
rElec  +         Dismiss  .     (no cloak)
rCorr  .         Reflect  .     (no gloves)
SustAt .         Harm     .     (no boots)
MR     .....                    (no amulet)
Stlth  ..........               (no ring)
                                (no ring)

@: not resistant to hostile enchantments, extremely unstealthy
A: negative energy resistance 1, electricity resistance, unbreathing,
petrification resistance, rot immunity, AC +4
a: no special abilities


You were on level 3 of the Dungeon.
You were not hungry.

You visited 1 branch of the dungeon, and saw 3 of its levels.

You collected 148 gold pieces.

Inventory:

Hand Weapons
 a - a +0 flail (weapon)
Missiles
 d - a throwing net (quivered)
Armour
 b - a +0 leather armour
 c - a +0 helmet (worn)
 e - a +0 ring mail
 t - a +0 scale mail (worn)
Jewellery
 i - a cursed -5 ring of intelligence {unknown}
 k - a +1 ring of protection {unknown}
Scrolls
 h - a scroll of fear {unknown}
 m - a scroll of noise {unknown}
 o - 3 scrolls of identify {unknown}
 s - a scroll of enchant weapon {unknown}
 u - 2 scrolls of enchant armour {unknown}
Potions
 g - a potion of heal wounds
 j - 2 potions of haste {unknown}
 n - a potion of degeneration {unknown}
 p - a potion of curing {unknown}
Comestibles
 f - 2 bread rations
 l - a meat ration
 q - a royal jelly
 r - 4 fruits


   Skills:
 - Level 2.1 Fighting
 * Level 4.4 Maces & Flails
 - Level 1.7 Throwing
 + Level 2.1 Armour
 + Level 3.0 Dodging


You had 4 spell levels left.
You didn't know any spells.

Dungeon Overview and Level Annotations

Branches:
Dungeon (3/15)

Altars:
Hepliaklqana
Uskayaw


Innate Abilities, Weirdness & Mutations

You are resistant to torment.
Your stone body is resilient. (AC +4)
You are immune to poison.
You resist negative energy. (rN+)
You are resistant to electric shocks. (rElec)
You can survive without breathing.
You are immune to petrification.
You are immune to rotting.


Message History

The ogre is heavily wounded.
The ogre hits you with a giant club.
You hit the ogre.
The ogre is heavily wounded.
The ogre closely misses you.
You closely miss the ogre.
The ogre is heavily wounded.
The ogre hits you but does no damage.
You hit the ogre but do no damage.
The ogre is heavily wounded.
The ogre barely misses you.
You hit the ogre.
The ogre is severely wounded.
The ogre hits you with a giant club!!
Ouch! That really hurt!
* * * LOW HITPOINT WARNING * * *
You barely miss the ogre.
The ogre is severely wounded.
The ogre hits you with a giant club!
You die...

#.. #.# #.# ##+##
#.# ##...## #.####
##.....## #.##.##
##.......##
#.#<..####.........#
#.......[O@........+
#.#...####.........#
#.##.## ##.......##
###.#### ##.....##
#.....# ##...##
#.#.#.# ##'##
#.#.(.# #.# ###
#.##..# #.#####.####
#.....#
##.##.......###


You could see an ogre.

Vanquished Creatures
  Terence (D:3)
  A gnoll (D:1)
  3 adders
  A worm (D:2)
  3 dart slugs
  A ball python (D:2)
  10 bats
  A giant cockroach (D:2)
  2 goblins (D:1)
  2 hobgoblins
  4 jackals (D:3)
  A quokka (D:2)
  4 giant newts
  8 kobolds
  4 rats
46 creatures vanquished.

Notes
Turn   | Place    | Note
--------------------------------------------------------------
     0 | D:1      | AlphabetPasta the Gargoyle Gladiator began the quest for the Orb.
     0 | D:1      | Reached XP level 1. HP: 12/12 MP: 1/1
   138 | D:1      | Reached XP level 2. HP: 17/17 MP: 2/2
   348 | D:1      | Reached skill level 1 in Armour
   569 | D:1      | Reached XP level 3. HP: 21/21 MP: 3/3
  1400 | D:2      | Found a hide-covered altar of Uskayaw.
  1567 | D:2      | Found a hazy altar of Hepliaklqana.
  1672 | D:2      | Reached skill level 4 in Maces & Flails
  1672 | D:2      | Reached XP level 4. HP: 26/26 MP: 4/4
  2163 | D:3      | Noticed Terence
  2163 | D:3      | Noticed an ogre
  2180 | D:3      | Killed Terence
  2180 | D:3      | Reached XP level 5. HP: 24/30 MP: 5/5
  2433 | D:3      | Slain by an ogre

Vault maps used:
D:1:      nicolae_arrival_washed_ashore
D:2:      eat_drink_and_be_merry_uskayaw, lemuel_statue_altar
D:3:      marbit_many_paths, first_bread, uniq_terence, uniq_iyjb

Skill      XL: |  1  2  3  4 |
---------------+-------------+-----
Armour         | 1 2 |  2.1
Maces & Flails | 4 |  4.4
Dodging        | 3 |  3.0
Fighting       | |  2.1
Throwing       | |  1.7

Action                   |  1- 3 |  4- 6 || total
-------------------------+-------+-------++-------
Melee: Flail             |   121 |    63 ||   184
Throw: Throwing net      |     2 |     1 ||     3
 Stab: Held in net/web   |     1 |     2 ||     3
  Eat: Chunk             |     3 |     2 ||     5
Armor: Ring mail         |    55 |     3 ||    58
       Leather armour    |     1 |       ||     1
       Scale mail        |       |    23 ||    23
Dodge: Dodged            |    74 |    34 ||   108
